 Dungeon Crawl Stone Soup version 0.30.1 (webtiles) character file.

Game seed: 14749979568467170491

29 Fecro the Sneak (level 3, 0/27 HPs)
             Began as a Spriggan Brigand on July 4, 2023.
             Succumbed to an adder's poison
             ... on level 1 of the Dungeon.
             The game lasted 00:03:17 (1023 turns).

Fecro the Sneak (Spriggan Brigand)                  Turns: 1023, Time: 00:03:17

Health: 0/27       AC: 21    Str:  7    XL:     3   Next: 1%
Magic:  4/4        EV:  4    Int: 12    God:
Gold:   32         SH:  0    Dex: 18    Spells: 2/2 levels left

rFire   . . .        a - +2 dagger
rCold   . . .        (no shield)
rNeg    . . .        b - melded +0 robe
rPois   +            (helmet currently unavailable)
rElec   .            c - melded +0 cloak
rCorr   .            (gloves unavailable)
SInv    +            (boots unavailable)
Will    .....        (no amulet)
Stlth   ++++         (no ring)
HPRegen 0.24/turn    (no ring)
MPRegen 0.09/turn

%: no passive effects
@: lethally poisoned (0 -> -2), tree-form
A: stationary, stasis, torment immunity, boosted hp, very small, no large
weapons, unfitting armour, see invisible, (speed 3)
a: no special abilities


You were on level 1 of the Dungeon.
You were a tree.
You visited 1 branch of the dungeon, and saw 2 of its levels.

You collected 32 gold pieces.

Inventory:

Hand Weapons
 a - a +2 dagger (weapon)
Missiles
 d - 15 poisoned darts (quivered)
 e - 3 curare-tipped darts
 f - 24 stones
Armour
 b - a +0 robe (melded)
 c - a +0 cloak (melded)
Scrolls
 i - a scroll of blinking
 k - a scroll of brand weapon
 l - a scroll of butterflies


   Skills:
 + Level 1.6 Fighting
 + Level 2.1 Short Blades
 * Level 2.3 Throwing
 + Level 1.5 Dodging
 * Level 7.1 Stealth


You had 2 spell levels left.
You didn't know any spells.
Your spell library was empty.

Dungeon Overview and Level Annotations

Branches:
Dungeon (2/15)

Altars:

Shops:
D:1 ?


Innate Abilities, Weirdness & Mutations

You are a tree.
Your roots penetrate the ground, keeping you stationary.
You cannot be teleported.
You are immune to unholy pain and torment.
Your maximum health is greatly increased.
Your equipment is partially melded.
You are very small and have problems with some larger weapons.
You are too small for most types of armour.
You have supernaturally acute eyesight. (SInv)
((You cover ground extremely quickly. (Speed+++)))


Message History

You feel agile. x2
d - 15 poisoned darts (gained 6)
You see here a +0 mace.
Done exploring.
Done exploring.
There is a stone staircase leading down here.
As you read the scroll of identify, it crumbles to dust.
k - a scroll of brand weapon You climb downwards.
There is a stone staircase leading up here.
The adder barely misses you.
You closely miss the adder. The adder bites you.
You are poisoned.
The adder poisons you!
You barely miss the adder.
You feel sick. The adder bites you.
You are more poisoned.
The adder poisons you!
You barely miss the adder.
You feel sick. The adder bites you.
You are lethally poisoned!
The adder poisons you! The adder misses you.
You are too injured to fight recklessly!
You feel sick.
You feel sick.
There is a stone staircase leading up here.
* * * LOW HITPOINT WARNING * * *
You feel sick.
You climb upwards.
* * * LOW HITPOINT WARNING * * *
You feel sick.
There is a stone staircase leading down here.
It was a potion of lignification.
You turn into a tree.
Your +0 cloak melds into your body.
Your +0 robe melds into your body.
Your roots penetrate the ground.
* * * LOW HITPOINT WARNING * * *
You feel sick.
* * * LOW HITPOINT WARNING * * *
You feel sick.
* * * LOW HITPOINT WARNING * * *
You feel sick.
You die...

#.###.# #.# #.# #.# #.#
#.###.############ #.#
...##.##.........# #.########
#..##.##.#######.# ####.##......
#..##.##.# #####.####.....)..####
#.....##.# #.................#
##.#####.###.###.####........#
#.# #)........♣# ####.##### #.#
#..###.##..# #.# #.# #..........#
#.# #.# #.####.##.## ##'## #.#
#.# #..##.# ##...## ##.## #.#
#.###.# ##.....## .#..#
#.###.##..# ##....)..## #
..#.###.........####.........####
...................'.........'...


There were no monsters in sight!

Vanquished Creatures
  A dart slug (D:1)
  3 bats (D:1)
  2 endoplasms (D:1)
  A giant cockroach (D:1)
  3 goblins (D:1)
  A hobgoblin (D:1)
  3 jackals (D:1)
  4 kobolds (D:1)
  A quokka (D:1)
  A ball python (D:1)
  2 frilled lizards (D:1)
  A rat (D:1)
23 creatures vanquished.

Notes
Turn   | Place    | Note
-------+----------+-------------------------------------------
     0 | D:1      | Fecro the Spriggan Brigand began the quest for the Orb.
     0 | D:1      | Reached XP level 1. HP: 10/10 MP: 2/2
    85 | D:1      | Found Nuafoc's Magic Scroll Shop.
   146 | D:1      | Reached skill level 6 in Stealth
   333 | D:1      | Reached XP level 2. HP: 11/14 MP: 3/3
   660 | D:1      | Reached skill level 7 in Stealth
   946 | D:1      | Reached XP level 3. HP: 16/18 MP: 4/4
  1021 | D:1      | HP: 1/27 [poisoned by an adder]
  1023 | D:1      | Succumbed to an adder's poison

Illustrated notes

Levels and vault maps discovered:
D:1:      dpeg_arrival_stone_temple_mockup, layout_loops_corners, serial_shops,
          nicolae_shop_tiny_waterfront
D:2:      layout_loops_corners, basic_altar, serial_undead, serial_undead_d,
          serial_undead_f, serial_undead_b, serial_undead_e, uniq_jessica

Skill      XL: |  1  2 |
---------------+-------+-----
Stealth        | 6 7 |  7.1
Fighting       | |  1.6
Short Blades   | |  2.1
Throwing       | |  2.3
Dodging        | |  1.5

Action                     || total
---------------------------++-------
  Melee: Dagger            ||    53
         Punch             ||     1
    Use: Scroll            ||     5
         Potion            ||     1
   Stab: Sleeping          ||     9
 Armour: Robe              ||     6
  Dodge: Dodged            ||    19
